Map: Jagannatha LE

Players

Serral - Winner!

  • Race: Zerg Zerg

ShoWTimE

  • Race: Protoss Protoss

Event: DreamHack SC2 Masters 2021 Winter

VOD

Have the link to the VOD?

Description

Time

  • Played on: Oct. 16, 2021, 12:53 p.m.
  • Length: 12:38

All games in this series

Show
View Real Time Build Order
Export as new Build Order

Serral Zerg - Winner!

Build Orders: Hatch First, Brood Lord Corruptor 

Get SALT Encoding   

  12  0:00  Drone  
  13  0:11  Overlord  
  13  0:16  Drone  
  14  0:30  Drone x2  
  16  0:47  Hatchery  
  15  0:50  Drone  
  15  0:54  Drone  
  17  0:57  Drone  
  18  1:07  Extractor  
  17  1:13  Spawning Pool  
  17  1:16  Drone  
  17  1:20  Drone  
  18  1:27  Drone  
  19  1:38  Drone  
  20  1:48  Overlord  
  20  1:59  Queen  
  20  2:00  Zergling x2, Queen  
  25  2:01  Zergling x2  
  26  2:10  Drone  
  26  2:11  Metabolic Boost  
  26  2:13  Drone  
  28  2:20  Drone  
  28  2:22  Drone  
  30  2:37  Hatchery  
  29  2:38  Drone  
  29  2:40  Drone  
  31  2:46  Queen  
  33  2:51  Overlord  
  33  2:54  Drone  
  33  2:56  Drone  
  36  2:58  Drone  
  36  3:03  Overlord  
  36  3:09  Drone  
  36  3:10  Drone x3  
  40  3:15  Drone x2  
  40  3:16  Drone  
  43  3:21  Overlord  
  43  3:25  Queen  
  45  3:31  Queen  
  45  3:33  Drone  
  48  3:34  Drone  
  48  3:39  Overlord  
  49  3:43  Zergling x2  
  49  3:44  Zergling x4  
  52  3:51  Drone x3  
  52  3:52  Spore Crawler  
  52  3:54  Spore Crawler  
  52  3:55  Drone x2  
  55  3:58  Drone  
  55  4:01  Queen  
  58  4:05  Drone  
  58  4:08  Drone x2  
  61  4:10  Drone  
  61  4:12  Overlord  
  61  4:15  Drone x2  
  64  4:18  Zergling x2  
  64  4:19  Drone  
  64  4:22  Overlord  
  66  4:28  Overlord  
  66  4:32  Roach Warren, Drone x3  
  66  4:35  Drone x2  
  70  4:39  Spore Crawler  
  70  4:40  Drone  
  70  4:44  Lair  
  70  4:46  Extractor x2, Drone x3  
  70  4:49  Drone  
  70  4:50  Drone  
  73  4:55  Drone x3  
  76  5:02  Overlord  
  76  5:03  Drone x3  
  76  5:05  Evolution Chamber  
  79  5:07  Drone  
  79  5:08  Drone  
  79  5:10  Queen  
  79  5:11  Extractor  
  79  5:13  Queen  
  83  5:16  Drone x3  
  83  5:18  Drone  
  83  5:20  Drone x3  
  89  5:24  Overlord  
  89  5:27  Overlord  
  89  5:32  Hatchery  
  89  5:34  Zerg Missile Weapons Level 1  
  88  5:36  Drone  
  88  5:37  Extractor x2  
  88  5:38  Drone x2  
  88  5:39  Drone  
  88  5:42  Drone x3  
  93  5:44  Overseer  
  93  5:46  Pneumatized Carapace  
  93  5:51  Drone x5  
  93  5:55  Glial Reconstitution  
  93  5:56  Infestation Pit  
  97  6:01  Overlord  
  97  6:02  Queen  
  99  6:06  Queen  
  99  6:07  Drone  
  99  6:08  Drone  
  99  6:09  Drone  
  99  6:10  Spore Crawler, Drone  
  104  6:13  Overlord  
  104  6:15  Drone x3  
  106  6:18  Overlord  
  106  6:26  Spire  
  106  6:27  Extractor  
  106  6:28  Extractor  
  106  6:29  Drone x2  
  106  6:31  Overlord  
  104  6:34  Overlord  
  104  6:38  Zergling x2  
  104  6:39  Zergling x6  
  108  6:41  Overlord  
  108  6:43  Roach x2  
  108  6:45  Roach  
  114  6:48  Roach x3  
  114  6:49  Roach  
  114  6:50  Roach  
  128  6:54  Roach x3  
  128  7:00  Roach  
  128  7:01  Roach x3  
  138  7:03  Roach  
  138  7:04  Roach  
  138  7:07  Roach x2  
  148  7:08  Roach  
  148  7:13  Roach x3  
  154  7:20  Hive  
  154  7:21  Baneling Nest  
  154  7:22  Roach x3  
  159  7:27  Overlord x2  
  159  7:31  Overlord  
  159  7:36  Roach x4  
  159  7:37  Roach x2  
  165  7:41  Roach x3  
  167  7:46  Roach  
  167  7:47  Roach x3  
  173  7:56  Roach x6  
  181  8:04  Centrifugal Hooks  
  178  8:06  Overlord  
  178  8:07  Roach x5  
  178  8:10  Zerg Missile Weapons Level 2  
  187  8:19  Overlord  
  185  8:23  Overlord  
  185  8:25  Overlord  
  185  8:26  Overlord x2  
  175  8:35  Drone x4  
  175  8:37  Greater Spire  
  175  8:38  Zergling x10  
  175  8:39  Zergling x4  
  183  8:42  Drone  
  183  8:43  Drone x4  
  187  8:49  Evolution Chamber  
  186  9:03  Corruptor x6  
  198  9:10  Hatchery  
  198  9:13  Corruptor  
  192  9:25  Spore Crawler  
  192  9:26  Spore Crawler  
  192  9:30  Baneling x9  
  186  9:33  Zerg Ground Armor Level 1  
  178  9:43  Drone x2  
  180  9:45  Spore Crawler  
  180  9:46  Overseer  
  180  9:47  Spore Crawler  
  180  9:48  Brood Lord x2  
  180  9:49  Brood Lord x4  
  180  9:50  Zerg Flyer Weapons Level 1  
  190  9:53  Brood Lord  
  192  10:00  Spire  
  192  10:03  Adrenal Glands  
  192  10:05  Corruptor  
  193  10:10  Extractor  
  193  10:13  Extractor  
  191  10:15  Drone x2  
  191  10:16  Drone x4  
  191  10:18  Burrow  
  197  10:27  Zerg Melee Weapons Level 1  
  197  10:30  Overseer  
  197  10:31  Overseer  
  193  10:35  Spore Crawler  
  193  10:36  Brood Lord, Spore Crawler, Corruptor x3  
  193  10:41  Corruptor  
  199  10:49  Roach x6  
  196  11:02  Spore Crawler  
  196  11:03  Spine Crawler  
  196  11:04  Spine Crawler x2  
  193  11:06  Brood Lord x2  
  196  11:13  Viper  
  171  11:34  Zergling x6  
  171  11:35  Zergling x14  
  175  11:43  Roach x5  
  173  11:48  Roach x12  
  199  12:00  Drone x3  
  200  12:02  Baneling  
  200  12:03  Baneling x4  
Show
View Real Time Build Order
Export as new Build Order

ShoWTimE Protoss 

Build Orders: 1 Gate Expand, Oracle Opening, Zealot Archon 

Get SALT Encoding   

  12  0:00  Probe  
  13  0:12  Probe  
  14  0:17  Pylon  
  14  0:24  Probe (Chrono Boost)  
  15  0:36  Probe (Chrono Boost)  
  15  0:38  Gateway  
  16  0:44  Probe (Chrono Boost)  
  16  0:46  Assimilator  
  17  0:50  Probe  
  18  1:03  Probe  
  19  1:15  Probe  
  20  1:23  Nexus  
  20  1:27  Probe  
  21  1:37  Cybernetics Core  
  21  1:44  Assimilator  
  21  1:46  Probe  
  22  1:52  Pylon  
  22  1:58  Probe  
  23  2:10  Probe (Chrono Boost)  
  23  2:13  Adept  
  26  2:16  Stargate  
  26  2:22  Probe (Chrono Boost)  
  27  2:26  Warp Gate  
  27  2:28  Probe (Chrono Boost)  
  28  2:35  Probe (Chrono Boost)  
  30  2:38  Probe (Chrono Boost)  
  30  2:43  Adept  
  33  2:44  Probe (Chrono Boost)  
  33  2:45  Probe (Chrono Boost)  
  33  2:49  Probe (Chrono Boost)  
  33  2:51  Probe  
  34  2:54  Void Ray (Chrono Boost)  
  36  3:01  Probe  
  36  3:04  Probe  
  42  3:10  Pylon  
  42  3:13  Probe  
  42  3:16  Probe  
  44  3:22  Gateway  
  44  3:26  Probe  
  45  3:28  Probe, Oracle (Chrono Boost)  
  49  3:38  Probe  
  49  3:40  Probe  
  51  3:48  Nexus  
  51  3:51  Pylon  
  51  3:53  Probe  
  51  3:54  Probe  
  53  3:57  Assimilator  
  53  3:59  Assimilator  
  53  4:07  Probe (Chrono Boost)  
  53  4:08  Void Ray  
  53  4:09  Probe (Chrono Boost)  
  55  4:10  Pylon  
  59  4:20  Protoss Air Weapons Level 1  
  59  4:21  Probe (Chrono Boost)  
  59  4:23  Probe (Chrono Boost)  
  61  4:26  Probe (Chrono Boost)  
  61  4:29  Forge  
  61  4:30  Probe  
  61  4:31  Twilight Council  
  63  4:34  Pylon  
  63  4:35  Probe  
  64  4:42  Probe  
  65  4:47  Probe, Void Ray  
  66  4:57  Probe (Chrono Boost)  
  66  4:59  Protoss Ground Weapons Level 1 (Chrono Boost)  
  72  5:00  Probe x2 (Chrono Boost)  
  72  5:02  Shield Battery  
  72  5:07  Charge  
  74  5:09  Probe x2 (Chrono Boost)  
  74  5:10  Probe (Chrono Boost)  
  76  5:15  Robotics Facility, Probe  
  76  5:18  Probe, Pylon  
  76  5:19  Probe  
  76  5:20  Assimilator  
  79  5:26  Assimilator  
  79  5:27  Probe  
  80  5:31  Gateway  
  80  5:33  Gateway  
  80  5:35  Probe  
  82  5:37  Templar Archives  
  81  5:50  Void Ray  
  81  5:51  Gateway  
  81  5:53  Gateway  
  81  5:56  Gateway  
  85  6:00  Gateway  
  85  6:08  Gateway  
  85  6:12  Pylon, Warp Prism (Chrono Boost)  
  85  6:15  Gateway  
  87  6:19  Pylon  
  87  6:20  Probe  
  87  6:21  Probe  
  87  6:22  Probe  
  90  6:27  High Templar  
  90  6:28  High Templar x3  
  90  6:30  Pylon  
  90  6:32  Archon x2  
  98  6:35  Pylon  
  98  6:39  Pylon  
  102  6:44  Probe  
  104  6:47  Observer  
  104  6:55  Pylon  
  104  6:58  Zealot x2  
  104  6:59  Zealot x2  
  104  7:00  Zealot x4  
  120  7:04  Protoss Ground Weapons Level 2 (Chrono Boost)  
  120  7:08  Pylon  
  120  7:12  Probe  
  120  7:13  Probe  
  118  7:21  Zealot x6  
  130  7:24  Zealot x4  
  130  7:28  Pylon  
  138  7:32  Phoenix (Chrono Boost)  
  134  7:45  Zealot x3  
  136  7:54  Phoenix (Chrono Boost)  
  134  8:00  Pylon  
  134  8:01  Zealot x3  
  134  8:02  Zealot  
  134  8:03  Psionic Storm  
  141  8:13  Probe x2  
  141  8:17  Probe  
  141  8:19  Phoenix  
  130  8:22  High Templar x3, Nexus  
  130  8:23  Pylon  
  130  8:34  Robotics Bay  
  130  8:36  Zealot x2  
  130  8:38  Archon, Robotics Facility  
  130  8:40  Shield Battery  
  130  8:52  Zealot x4, High Templar  
  140  8:56  Archon  
  140  9:02  Probe x3  
  143  9:05  Pylon  
  146  9:11  High Templar x4  
  146  9:15  Photon Cannon  
  146  9:16  Photon Cannon  
  152  9:21  Disruptor (Chrono Boost)  
  152  9:25  Shield Battery, Zealot x5  
  152  9:30  Probe x2  
  163  9:31  Probe  
  163  9:32  Disruptor (Chrono Boost)  
  163  9:33  Pylon  
  163  9:35  Probe  
  163  9:36  Protoss Ground Weapons Level 3 (Chrono Boost)  
  165  9:40  Assimilator  
  165  9:41  Blink (Chrono Boost)  
  165  9:44  Assimilator  
  165  9:49  High Templar x2  
  165  9:50  High Templar x2  
  173  9:56  Archon x2  
  173  9:58  Disruptor (Chrono Boost)  
  173  10:00  Warp Prism (Chrono Boost)  
  178  10:08  Pylon  
  178  10:11  Photon Cannon  
  178  10:13  Shield Battery  
  174  10:15  Pylon  
  174  10:18  Pylon  
  174  10:20  Zealot x2  
  174  10:21  Photon Cannon  
  178  10:27  Disruptor  
  181  10:35  Stalker x5  
  175  10:56  Stalker x4  
  173  11:02  Fleet Beacon  
  171  11:04  Stargate  
  171  11:11  Photon Cannon  
  171  11:15  Stalker x4  
  175  11:19  Zealot  
  165  11:31  Stalker x4  
  132  11:41  Zealot x5  
  129  11:48  Tempest x2 (Chrono Boost)  
  137  12:07  Pylon  
  133  12:12  Stalker x5  

Tags
 
Add a new tag
Caveats
  • Supply blocks, unpowered buildings, or Contaminate may cause inaccurate times.
  • Supply counts are checked every 10 seconds.